 Dungeon Crawl Stone Soup version 0.20.1-1-g8b1a95d (webtiles) character file.

81 Monsterracer the Conjurer (level 4, 0/35 HPs)
             Began as a Formicid Conjurer on July 3, 2017.
             Slain by an orc
             ... wielding a +0 whip
              (1 damage)
             ... on level 2 of the Dungeon.
             The game lasted 00:05:26 (2042 turns).

Monsterracer the Conjurer (Formicid Conjurer)       Turns: 2042, Time: 00:05:28

Health: 0/35       AC:  5    Str: 13    XL:     4   Next: 67%
Magic:  2/7        EV: 11    Int: 14    God:
Gold:   123        SH:  0    Dex: 12    Spells: 6/7 levels left

rFire    . . .     SeeInvis +   r - +0 hand axe
rCold    . . .     Gourm    .   (no shield)
rNeg     . . .     Faith    .   m - +0 ring mail
rPois    .         Spirit   .   (helmet unavailable)
rElec    .         Reflect  .   (no cloak)
rCorr    .         Harm     .   (no gloves)
MR       +....                  (no boots)
Stlth    +.........             (no amulet)
Regen    0.2/turn               o - ring of protection from magic
MPRegen  0.1/turn               q - ring of see invisible

@: very slightly contaminated
A: permanent stasis, dig shafts and tunnels, four strong arms, antennae 3
a: Dig, Shaft Self


You were on level 2 of the Dungeon.
You were not hungry.

You visited 1 branch of the dungeon, and saw 3 of its levels.

You collected 123 gold pieces.

Inventory:

Hand Weapons
 g - a +1 dagger of draining
 r - a +0 hand axe (weapon)
 s - a +0 flail
Missiles
 h - 3 javelins (quivered)
Armour
 a - a +0 large shield
 m - a +0 ring mail (worn)
Jewellery
 o - a ring of protection from magic (left hand)
 q - a ring of see invisible (right hand)
Scrolls
 b - a scroll of recharging {unknown}
 d - a scroll of enchant weapon {unknown}
 f - a scroll of enchant armour {unknown}
 k - 2 scrolls of remove curse {unknown}
 n - a scroll of noise {unknown}
 p - a scroll of immolation {unknown}
Potions
 e - 3 potions of curing
Comestibles
 c - 3 bread rations
 i - a royal jelly
 j - a fruit
 l - a meat ration
 t - 3 chunks of flesh


   Skills:
 - Level 3.3 Fighting
 + Level 1.1(1.5) Axes
 - Level 1.6(1.8) Maces & Flails
 - Level 1.7 Dodging
 - Level 2.4 Stealth
 - Level 2.1 Spellcasting
 - Level 3.6 Conjurations


You had 6 spell levels left.
You knew the following spells:

 Your Spells              Type           Power        Failure   Level  Hunger
a - Magic Dart            Conj           ##..         12%         1    #......


Dungeon Overview and Level Annotations

Branches:
Dungeon (3/15)

Altars:
Qazlal


Innate Abilities, Weirdness & Mutations

You cannot be hasted, slowed, berserked, paralysed or teleported.
You can dig through walls and to a lower floor.
Your four strong arms can wield two-handed weapons with a shield.
You have a pair of large antennae on your head. (SInv)


Message History

The orc hits you with a whip.
* * * LOW HITPOINT WARNING * * *
Huge Dmg: -3%(-1hp) hp: 3%(1hp)
Casting: Magic Dart
Confirm with . or Enter, or press ? or * to list all spells.
Aiming: Magic Dart
Press: ? - help, Shift-Dir - straight line, f/p - orc
Aim: an orc, wielding a whip and wearing a chain mail (severely wounded)
You miscast Magic Dart.
You are very lightly contaminated with residual magic.
Nothing appears to happen.
The orc hits you but does no damage.
Casting: Magic Dart
Confirm with . or Enter, or press ? or * to list all spells.
Aiming: Magic Dart
Press: ? - help, Shift-Dir - straight line, f/p - orc
Aim: an orc, wielding a whip and wearing a chain mail (severely wounded)
The magic dart hits the orc.
The orc is almost dead.
The orc hits you with a whip.
You die...

.# #..##.# #.....
.# ##.##.# ######
.# #..#.# .# ##.#.#
.# #...# .# ##.(#
.# #..# # .#
##o################
.#
#@............)..#
.#
################..
.# #.# ## #.# #.#
#.. #.# #.# #.#


You could see an orc.

Vanquished Creatures
  An orc wizard (D:3)
  An adder (D:3)
  5 orcs (D:3)
  A giant cockroach (D:3)
  6 hobgoblins (D:1)
  2 jackals (D:3)
  4 bats
  4 goblins (D:1)
  8 kobolds
  5 rats
37 creatures vanquished.

Notes
Turn   | Place    | Note
-------+----------+-------------------------------------------
     0 | D:1      | Monsterracer the Formicid Conjurer began the quest for the Orb.
     0 | D:1      | Reached XP level 1. HP: 13/13 MP: 3/3
   215 | D:1      | Reached skill level 1 in Fighting
   455 | D:1      | Reached XP level 2. HP: 18/21 MP: 5/5
   517 | D:1      | Reached skill level 1 in Maces & Flails
   850 | D:1      | Reached XP level 3. HP: 15/26 MP: 0/6
   991 | D:2      | Found a stormy altar of Qazlal.
  1655 | D:3      | Reached XP level 4. HP: 16/35 MP: 7/7
  1820 | D:3      | Reached skill level 1 in Axes
  2040 | D:2      | HP: 1/35 [orc/whip (2)]
  2042 | D:2      | Slain by an orc

Skill      XL: |  1  2  3  4 |
---------------+-------------+-----
Fighting       | 1 3 |  3.3
Maces & Flails | 1 |  1.6
Axes           | 1 |  1.1
Dodging        | |  1.7
Stealth        | |  2.4
Spellcasting   | |  2.1
Conjurations   | |  3.6

Action                   |  1- 3 |  4- 6 || total
-------------------------+-------+-------++-------
Melee: Club              |    52 |       ||    52
       Dagger            |    19 |     8 ||    27
       Hand axe          |       |    40 ||    40
 Cast: Magic Dart        |    25 |    10 ||    35
  Use: Potion            |     6 |       ||     6
       Scroll            |     1 |       ||     1
  Eat: Chunk             |     3 |     1 ||     4
Armor: Robe              |     5 |       ||     5
       Ring mail         |    15 |    21 ||    36
Dodge: Dodged            |    51 |    29 ||    80
